 Dungeon Crawl Stone Soup version 0.29-a0-375-g5102b3be25 (webtiles) character file.

Game seed: 12294262327086268194

37 YayAnonymity the Chopper (level 3, -6/31 HPs)
             Began as a Hill Orc Monk on May 4, 2022.
             Mangled by a gnoll shaman
             ... wielding a +0 whip of pain
              (11 damage)
             ... on level 1 of the Dungeon.
             The game lasted 00:01:46 (1184 turns).

YayAnonymity the Chopper (Hill Orc Monk)            Turns: 1184, Time: 00:01:46

Health: -6/31      AC:  4    Str: 15    XL:     3   Next: 41%
Magic:  3/3        EV: 12    Int: 10    God:
Gold:   85         SH:  0    Dex: 13    Spells: 2/2 levels left

rFire   . . .      SeeInvis .   m - +0 spear (flame)
rCold   + + .      Faith    .   (no shield)
rNeg    . . .      Spirit   .   b - +0 robe {rC+}
rPois   .          Reflect  .   (no helmet)
rElec   .          Harm     .   (no cloak)
rCorr   .          Rampage  .   (no gloves)
Will    .....                   n - +1 pair of boots
Stlth   +.........              (no amulet)
HPRegen 0.10/turn               d - ring of protection from cold
MPRegen 0.08/turn               (no ring)

@: lit by a corona, glowing
A: no striking features
a: no special abilities


You were on level 1 of the Dungeon.
You visited 1 branch of the dungeon, and saw 2 of its levels.

You collected 85 gold pieces.

Inventory:

Hand Weapons
 a - a +0 hand axe
 m - a +0 spear of flaming (weapon)
Armour
 b - a +0 robe of cold resistance (worn)
 n - a +1 pair of boots (worn)
Jewellery
 d - a ring of protection from cold (left hand)
Scrolls
 e - a scroll of identify {unknown}
 f - a scroll of enchant weapon {unknown}
 g - 2 scrolls of blinking {unknown}
 i - a scroll of teleportation {unknown}
 k - a scroll of immolation {unknown}
 l - a scroll of magic mapping {unknown}
Potions
 c - a potion of ambrosia
 h - a potion of haste {unknown}
 j - a potion of resistance {unknown}
 o - a potion of degeneration {unknown}


   Skills:
 - Level 3.6 Fighting
 + Level 5.8 Axes
 - Level 2.4 Dodging
 - Level 1.5 Stealth


You had 2 spell levels left.
You didn't know any spells.
Your spell library was empty.

Dungeon Overview and Level Annotations

Branches:
Dungeon (2/15)

Altars:


Message History

You climb downwards.
The gnoll shaman hits you with a +0 whip of pain!
The gnoll shaman misses you.
There is a stone staircase leading up here.
The gnoll hits you but does no damage.
The gnoll shaman hits you with a +0 whip of pain.
You writhe in agony.
You climb upwards.
There is a stone staircase leading down here.
You hit the gnoll shaman. You burn the gnoll shaman.
The gnoll shaman is moderately wounded.
The gnoll shaman calls down the wrath of its god upon you.
You are outlined in light.
You barely miss the gnoll shaman.
The gnoll shaman is moderately wounded.
The gnoll shaman closely misses you.
You hit the gnoll shaman but do no damage.
The gnoll shaman is moderately wounded.
The gnoll shaman barely misses you.
You hit the gnoll shaman but do no damage.
The gnoll shaman is moderately wounded.
The gnoll shaman hits you with a +0 whip of pain!
You hit the gnoll shaman. You burn the gnoll shaman.
The gnoll shaman is severely wounded.
The gnoll shaman closely misses you.
You hit the gnoll shaman but do no damage.
The gnoll shaman is severely wounded.
You hit the gnoll shaman. You burn the gnoll shaman.
The gnoll shaman is severely wounded.
The gnoll shaman closely misses you.
You barely miss the gnoll shaman.
The gnoll shaman is severely wounded.
The gnoll shaman hits you with a +0 whip of pain.
* * * LOW HITPOINT WARNING * * *
You writhe in agony.
* * * LOW HITPOINT WARNING * * *
You hit the gnoll shaman. You burn the gnoll shaman.
The gnoll shaman is almost dead.
The gnoll shaman hits you with a +0 whip of pain!
You die...

.#.##.......## ##.........####..#
.#..#........###...........# #..#
.##.#....................#.###..#
..#.##...................#(##...#
.......##########...###..).......
........######.......)..##..###.#
...............#..########..###.#
......##....####÷## #.###...
#.....#####.....@## #.#....#
#.#.÷.....####.#.g########...##.#
..........####.##....#.......##.#
.#........(.....####.........##..
##........##.##..# ###.......#...
##...............# #.......#.##
.#.........#.....# #..........#
.######.#..#.....# #####.##.#..
#######..........#### #.##.##.


You could see a gnoll shaman.

Vanquished Creatures
  An adder (D:2)
  A dart slug (D:1)
  3 ball pythons (D:1)
  2 endoplasms (D:1)
  2 giant cockroaches (D:1)
  4 hobgoblins (D:1)
  3 jackals (D:1)
  2 frilled lizards (D:1)
  4 kobolds
  2 rats (D:1)
24 creatures vanquished.

Notes
Turn   | Place    | Note
-------+----------+-------------------------------------------
     0 | D:1      | YayAnonymity the Hill Orc Monk began the quest for the Orb.
     0 | D:1      | Reached XP level 1. HP: 19/19 MP: 1/1
   177 | D:1      | Reached XP level 2. HP: 21/26 MP: 2/2
   305 | D:1      | Reached skill level 5 in Axes
   553 | D:1      | Found a faded altar of an unknown god.
   655 | D:1      | Reached XP level 3. HP: 31/31 MP: 3/3
  1184 | D:1      | Mangled by a gnoll shaman

Illustrated notes

Levels and vault maps discovered:
D:1:      minmay_arrival_four_circles, layout_rooms,
          chequers_ecumenical_altar_simple_redux, st_stairs_5,
          minmay_tetromino_t4
D:2:      layout_loops_cross, hangedman_decor_slide_cut

Skill      XL: |  1  2 |
---------------+-------+-----
Axes           | 5 |  5.8
Fighting       | |  3.6
Dodging        | |  2.4
Stealth        | |  1.5

Action                   || total
-------------------------++-------
Melee: Hand axe          ||    43
       Spear             ||    37
 Stab: Sleeping          ||     1
Armor: Robe              ||    20
Dodge: Dodged            ||    54

Table legend: (Time is in decaauts)
 A = Elapsed time spent in this place.
 B = Non-inter-level travel time spent in this place.
 C = Inter-level travel time spent in this place.
 D = Time resting spent in this place.
 E = Time spent auto-exploring this place.
 F = Levels seen in this place.
 G = Mean time per level.
                   A        B        C        D        E       F      G
               +--------+--------+--------+--------+--------+-----+--------+
         Total |   1186 |   1171 |     15 |    218 |    683 |   2 |  593.0 |
       Dungeon |   1186 |   1171 |     15 |    218 |    683 |   2 |  593.0 |
               +--------+--------+--------+--------+--------+-----+--------+

Top non-repeatable levels by time:
     D:1: 1052 daAuts
     D:2: 134 daAuts
